[Event "*** Titled Tuesday Blitz"]
[Site "Chess.com"]
[Date "2020.10.27"]
[Round "6"]
[White "GrafLermontov"]
[Black "mbojan"]
[Result "0-1"]
[WhiteElo "2474"]
[BlackElo "2703"]
[TimeControl "180+1"]
[EndTime "11:07:08 PDT"]
[Termination "mbojan won by resignation"]

1. d4 Nf6 2. c4 c5 3. Nf3 cxd4 4. Nxd4 e5 5. Nb5 d5 6. cxd5 Bc5 7. N1c3 O-O 8. e3 a6 9. Na3 b5 10. Nc2 Bf5 11. Bd3 e4 12. Be2 Nbd7 13. g4 Bg6 14. h4 h6 15. g5 hxg5 16. hxg5 Nh7 17. Bh5 Qxg5 18. Bxg6 Qxg6 19. Qh5 Qxh5 20. Rxh5 Nhf6 21. Rh4 Rfe8 22. Nd4 Bxd4 23. exd4 Nb6 24. Be3 Nbxd5 25. Nxd5 Nxd5 26. Kd2 f6 27. Rg1 Kf7 28. Rh7 Rg8 29. Bh6 Ke6 30. Rgxg7 Rxg7 31. Rxg7 Rh8 32. Be3 Rc8 33.
a3 b4 34. Ra7 Rc6 35. a4 b3 36. Rb7 Rc2+ 37. Kd1 Rxb2 38. Ra7 Nc3+ 39. Ke1 Re2+ 40. Kf1 b2 41. Rxa6+ Kd5 42. Rb6 Rxe3 43. Rxb2 Rd3 44. a5 Rxd4 45. Rb6 Ke5 46. a6 Ra4 47. Kg2 Nd5 48. Rc6 Ra3 49. Kh2 Nf4 50. Rc5+ Ke6 51. Rc6+ Kf5 52. Rb6 Kg5 53. Rb5+ Kg4 54. Rb4 f5 55.
Rb6 Ra2 56. Kg1 Nh3+ 57. Kf1 Rxf2+ 58. Ke1 Ra2 59. Rg6+ Kf3 0-1

[Event "*** Titled Tuesday Blitz"]
[Site "Chess.com"]
[Date "2020.10.27"]
[Round "6"]
[White "tan275"]
[Black "ChelsieMonica"]
[Result "0-1"]
[WhiteElo "2182"]
[BlackElo "2333"]
[TimeControl "180+1"]
[EndTime "11:07:09 PDT"]
[Termination "ChelsieMonica won on time"]

1. d4 f5 2. Nf3 e6 3. g3 Nf6 4. Bg2 Be7 5. O-O O-O 6. c4 d5 7. Nc3 c6 8. Qc2 Ne4 9. Rb1 Na6 10. a3 Nc7 11. b4 Bd7 12. Ne5 Be8 13. c5 Bf6 14. Nf3 a5 15. Bf4 Nxc3 16. Qxc3 Nb5 17. Qd3 axb4 18. axb4 Ra3 19. Qd2 Bh5 20. Ra1 Rxa1 21.
Rxa1 Bxf3 22. Bxf3 Nxd4 23. Ra7 e5 24. Be3 Nxf3+ 25.
exf3 d4 26. Qa2+ Kh8 27. Bd2 Qe7 28. Qc4 h5 29. b5 cxb5 30. Qxb5 Rc8 31. Bb4 Rc7 32.
Ra8+ Kh7 33. Re8 Qd7 34. Qxd7 Rxd7 35. Kf1 Kg6 36. Ke2 Kf7 37. Ra8 e4 38. fxe4 fxe4 39. Ra7 Ke6 40. Kd2 Bg5+ 41. Kd1 d3 42. Ra5 Kd5 43.
c6+ Kxc6 44. Rxg5 Rd5 45. Bd2 Rxg5 46. Bxg5 Kd5 47. Kd2 Kc4 48. Bd8 b5 49. Ba5 b4 50.
h4 g6 51. Kc1 Kc3 52. Bb6 d2+ 53. Kd1 b3 54. Bd8 Kd3 55. Bf6 e3 56. fxe3 Kxe3 57. Be5 Ke4 58. Bf6 Kd3 59. Be5 Ke3 60. Bf4+ Kd3 61. Bxd2 b2 0-1

[Event "*** Titled Tuesday Blitz"]
[Site "Chess.com"]
[Date "2020.10.27"]
[Round "6"]
[White "KuzubovYuriy"]
[Black "xberli"]
[Result "1-0"]
[WhiteElo "2878"]
[BlackElo "2539"]
[TimeControl "180+1"]
[EndTime "11:07:10 PDT"]
[Termination "KuzubovYuriy won on time"]

1. c4 Nf6 2. Nc3 g6 3. e4 e5 4.
d4 exd4 5. Qxd4 Bg7 6. e5 Nc6 7. exf6 Nxd4 8. fxg7 Rg8 9. Bd3 d5 10. Be3 dxc4 11. Be4 f5 12. O-O-O c5 13. Bd5 Rxg7 14.
Nf3 Rd7 15. Bg5 Rxd5 16. Rhe1+ Kf7 17. Bxd8 Rxd8 18. Ne5+ Kf6 19. Nxc4 Be6 20. Ne5 Rac8 21. f4 a6 22. b3 b5 23. Re3 c4 24. b4 Nc6 25. Rxd8 Nxd8 26. Ne2 Nb7 27. Kb2 Nd6 28. Nc3 Ne4 29. Nxe4+ fxe4 30. Kc3 Bd5 31. g3 Bb7 32. Ng4+ Kg7 33. Nf2 Rd8 34. Kc2 Rd4 35. Kc3 Rd6 36.
Kc2 1-0

[Event "*** Titled Tuesday Blitz"]
[Site "Chess.com"]
[Date "2020.10.27"]
[Round "6"]
[White "Zkid"]
[Black "esapunov"]
[Result "1/2-1/2"]
[WhiteElo "2810"]
[BlackElo "2672"]
[TimeControl "180+1"]
[EndTime "11:07:11 PDT"]
[Termination "Game drawn by repetition"]

1. e4 c5 2. Nf3 d6 3. d4 cxd4 4. Nxd4 Nf6 5. f3 Nc6 6. c4 Nxd4 7. Qxd4 g6 8. Be3 Bg7 9. Qd2 O-O 10. Nc3 Bd7 11. Be2 a5 12. O-O Bc6 13. Nd5 Nd7 14.
Rab1 Re8 15. b3 Nc5 16. a3 b6 17. b4 axb4 18. axb4 Nd7 19. Nc3 Ne5 20. Bd4 Nd7 21. Ra1 Bxd4+ 22. Qxd4 Qc7 23. Nd5 Bxd5 24. cxd5 Rxa1 25.
Rxa1 Rc8 26. Bb5 Ne5 27. f4 Ng4 28. Bc6 e5 29. Qd1 h5 30. h3 Nf6 31. Qf3 exf4 32.
Qxf4 Kg7 33. Qe3 Rb8 34. Qd4 Qe7 35. Rf1 b5 36. Rf3 h4 37. Rf4 Qe5 38. Qf2 Rf8 39. Qf3 Qg5 40. Bxb5 Nh5 41. Rg4 Qc1+ 42. Kh2 Qe1 43. Bd7 Ra8 44. Be6 fxe6 45. dxe6 Rf8 46. Rxg6+ Kxg6 47. Qxf8 Qg3+ 48. Kg1 Qe1+ 49. Kh2 Qg3+ 50.
Kg1 Qe1+ 51. Kh2 1/2-1/2

[Event "*** Titled Tuesday Blitz"]
[Site "Chess.com"]
[Date "2020.10.27"]
[Round "6"]
[White "lelya96"]
[Black "doons21"]
[Result "0-1"]
[WhiteElo "2206"]
[BlackElo "2558"]
[TimeControl "180+1"]
[EndTime "11:07:11 PDT"]
[Termination "doons21 won by checkmate"]

1. e4 e6 2. d4 d5 3. Nc3 Bb4 4. Ne2 Nc6 5. exd5 exd5 6. a3 Ba5 7. b4 Bb6 8. Be3 Nge7 9. Ng3 Nf5 10. Nxf5 Bxf5 11. Bb5 Qd6 12. O-O O-O 13. Bd3 Ne7 14.
Ne2 c6 15. Ng3 Bg6 16. c3 Bc7 17. Bxg6 hxg6 18. Qd3 Nf5 19. f4 Nxg3 20. hxg3 f5 21. Rf3 Rfe8 22. Kf2 Re4 23. Rh1 Rae8 24. Ke2 a5 25.
Kd2 axb4 26. axb4 Ra8 27. Rc1 b5 28. Rc2 Bb6 29. Rf1 Ra4 30. Rb2 Qe7 31. Re1 Qa7 32. Reb1 Ra3 33. Qc2 Qe7 34. Re1 Kf7 35. Ra2 Qa7 36.
Rxa3 Qxa3 37. Qc1 Qa8 38. Kc2 Re7 39. Kd3 Ra7 40. Re2 Ra3 41. Rb2 Qa4 42. Qd2 Ra1 43. Ke2 Bc7 44. Kf2 Rd1 45. Qe2 Ra1 46.
Qd2 Bd6 47. Qe2 Be7 48. Qd2 Bf6 49. Qe2 Rh1 50. Ra2 Qb3 51. Qc2 Qc4 52. Qd2 Qf1# 0-1

[Event "*** Titled Tuesday Blitz"]
[Site "Chess.com"]
[Date "2020.10.27"]
[Round "6"]
[White "juancruzarias"]
[Black "ega2006"]
[Result "1-0"]
[WhiteElo "2529"]
[BlackElo "2366"]
[TimeControl "180+1"]
[EndTime "11:07:11 PDT"]
[Termination "juancruzarias won on time"]

1. d4 Nf6 2. Bg5 g6 3. Nd2 Bg7 4. Ngf3 d6 5. c3 O-O 6. e4 c5 7. dxc5 dxc5 8. Qc2 Nc6 9. Bb5 Qc7 10. O-O h6 11. Be3 b6 12. h3 Bb7 13. Rfe1 Nh5 14.
a4 Nf4 15. Rad1 Rad8 16. Kh1 a6 17. Bf1 g5 18. Nc4 Ng6 19. Qb3 Rxd1 20. Rxd1 Rd8 21.
Rxd8+ Nxd8 22. Nfd2 Ne6 23. Qxb6 Qd7 24. Na5 Bxe4 25.
Nxe4 Qd1 26. Qxa6 Ngf4 27. Bxf4 Nxf4 28. Ng3 e6 29. Nc4 h5 30. Ne3 Qb1 31. Qa8+ Bf8 32. b4 f5 33. bxc5 h4 34. c6 Qb6 35. Qb7 Bc5 36.
Qxb6 Bxb6 37. Ne2 Nd3 38. Kg1 f4 39. Ng4 Kf7 40. Nd4 e5 41. Bxd3 1-0

[Event "*** Titled Tuesday Blitz"]
[Site "Chess.com"]
[Date "2020.10.27"]
[Round "6"]
[White "kakakz"]
[Black "korbul"]
[Result "0-1"]
[WhiteElo "2387"]
[BlackElo "2598"]
[TimeControl "180+1"]
[EndTime "11:07:12 PDT"]
[Termination "korbul won by resignation"]

1. d4 Nf6 2. c4 e6 3. Nf3 b6 4. a3 g6 5. Nc3 Bg7 6. e4 d6 7. Bg5 h6 8. Bh4 g5 9. Bg3 Nh5 10. Be2 Nxg3 11. hxg3 Bb7 12. Rc1 Nd7 13. Qd3 a6 14.
Nd2 e5 15. d5 Nc5 16. Qc2 a5 17. Bg4 O-O 18. Nf1 a4 19. Ne3 Nb3 20. Rd1 Nd4 21. Qd2 Bc8 22. Bxc8 Qxc8 23. Ne2 b5 24. Nxd4 exd4 25. Nf5 bxc4 26. Nxh6+ Bxh6 27. Rxh6 f6 28. Qxd4 Kg7 29. Rh2 Qb7 30. Kd2 Rh8 31. Rdh1 Rxh2 32. Rxh2 Rb8 33. Kc1 Qb3 34. Rh6 Rf8 35. Rh1 Kg6 36. Re1 Rb8 37. Re3 Qa2 38. Re2 Qa1+ 39.
Kc2 Qf1 40. Qxc4 Ra8 41. Qd3 Ra5 42. e5+ f5 43. Re1 Qxe1 0-1

[Event "*** Titled Tuesday Blitz"]
[Site "Chess.com"]
[Date "2020.10.27"]
[Round "6"]
[White "Sergienko_Sergey"]
[Black "Mikhail_Golubev"]
[Result "1/2-1/2"]
[WhiteElo "2341"]
[BlackElo "2511"]
[TimeControl "180+1"]
[EndTime "11:07:12 PDT"]
[Termination "Game drawn by repetition"]

1. e4 c5 2. Nf3 d6 3. Bb5+ Bd7 4. Bxd7+ Nxd7 5. O-O Ngf6 6. Qe2 e6 7. c4 Ne5 8. b3 Be7 9. Bb2 Nfd7 10. Nxe5 dxe5 11. f4 exf4 12. Bxg7 Rg8 13. Bc3 Bd6 14. e5 Bc7 15. Na3 Qg5 16. Nb5 Bxe5 17. Bxe5 Nxe5 18. Nc7+ Ke7 19.
Nxa8 Rxa8 20. Kh1 Rg8 21. Qe4 f3 22. g3 Qxd2 23. Qxb7+ Kf6 24. Rxf3+ Nxf3 25. Qxf3+ Ke7 26. Rf1 f5 27. Qb7+ Qd7 28. Qf3 Rc8 29. Qe3 Qc6+ 30.
Kg1 Kf7 31. Qh6 Qe4 32. Qxh7+ Kf6 33. Qh6+ Kf7 34. Qh7+ Kf6 35. Qh6+ Kf7 36. Qh7+ 1/2-1/2

[Event "*** Titled Tuesday Blitz"]
[Site "Chess.com"]
[Date "2020.10.27"]
[Round "6"]
[White "AsaHoffmann"]
[Black "marabu44"]
[Result "0-1"]
[WhiteElo "2352"]
[BlackElo "2258"]
[TimeControl "180+1"]
[EndTime "11:07:12 PDT"]
[Termination "marabu44 won by checkmate"]

1. d4 d5 2. Bg5 c5 3. dxc5 Nc6 4.
c3 f6 5. Bh4 Nh6 6. e4 dxe4 7.
Qxd8+ Nxd8 8. Na3 e5 9. Nb5 Ne6 10.
Bc4 a6 11. Bxe6 axb5 12. Bxc8 Rxc8 13. b4 Nf5 14. Bg3 Be7 15. Ne2 Kf7 16. O-O Rhd8 17. Rfd1 Ke6 18. Kf1 Ra8 19. Rxd8 Bxd8 20. Ke1 b6 21. cxb6 Bxb6 22. Nc1 h5 23. h3 Rc8 24.
Kd2 e3+ 25. Ke2 Rxc3 26. Nb3 h4 27. Bh2 Rc2+ 28. Kd3 Rxf2 29. Nc5+ Kd5 30. Ne4 Rxg2 31. Nc3+ Ke6 32. Bg1 Rd2+ 33. Ke4 Rc2 34. Nxb5 Rc4+ 35. Kf3 Rxb4 36. a4 g5 37. Ra2 Nd6 38. Bxe3 Bxe3 39.
Kxe3 Nxb5 40. axb5 Rb3+ 41. Kf2 Rxb5 42. Ra6+ Kf5 43.
Kg2 Rb3 44. Kh2 Rg3 45. Rb6 e4 46. Rb5+ Kf4 47. Rb6 f5 48. Re6 Rd3 49. Kg2 Rd2+ 50. Kg1 e3 51. Kf1 Rh2 52. Rf6 Rxh3 53. Ke2 Rh2+ 54.
Ke1 Ra2 55. Kf1 h3 56. Kg1 g4 57. Kf1 g3 58. Rh6 Kf3 59. Ke1 Ra1# 0-1

[Event "*** Titled Tuesday Blitz"]
[Site "Chess.com"]
[Date "2020.10.27"]
[Round "6"]
[White "anon569"]
[Black "dpopadic"]
[Result "0-1"]
[WhiteElo "2257"]
[BlackElo "2383"]
[TimeControl "180+1"]
[EndTime "11:07:14 PDT"]
[Termination "dpopadic won on time"]

1. e4 c5 2. Nf3 Nc6 3. d4 cxd4 4.
Nxd4 Nf6 5. Nc3 e5 6. Ndb5 d6 7. Bg5 a6 8. Na3 b5 9. Bxf6 gxf6 10. Nd5 Bg7 11. c3 f5 12. Bd3 Ne7 13. Nxe7 Qxe7 14. exf5 O-O 15. Be4 Rb8 16. Nc2 a5 17. Qh5 f6 18.
Ne3 Kh8 19. O-O b4 20. c4 Rd8 21. Rad1 b3 22. a3 Ba6 23. Rd3 a4 24. Nd5 Qf8 25. Rh3 h6 26. Bd3 Rbc8 27. Rh4 Bb7 28. Ne3 Qe8 29. Qg4 d5 30. cxd5 Bxd5 31. Bb1 Bg8 32. Qh3 Qf8 33. Ng4 Kh7 34. Ne3 Rd2 35. Rxa4 Rxb2 36.
Ra7 Kh8 37. Be4 Rd2 38. Ng4 b2 39. Rb7 Rc1 40. Qe3 Rdd1 41. Bd3 Rxf1+ 42. Bxf1 b1=Q 0-1

[Event "*** Titled Tuesday Blitz"]
[Site "Chess.com"]
[Date "2020.10.27"]
[Round "6"]
[White "Gloomy_Wanderer"]
[Black "m_ezat"]
[Result "1-0"]
[WhiteElo "2711"]
[BlackElo "2502"]
[TimeControl "180+1"]
[EndTime "11:07:15 PDT"]
[Termination "Gloomy_Wanderer won by resignation"]

1. d4 Nf6 2. Nf3 g6 3. c4 Bg7 4. g3 O-O 5. Bg2 d6 6. O-O Nc6 7. Nc3 Bg4 8. h3 Bxf3 9. Bxf3 Nd7 10. e3 e5 11. d5 Ne7 12. e4 f5 13. h4 Nf6 14. Bg5 h6 15. Bd2 f4 16. Bg4 Kh7 17. Be6 g5 18. hxg5 hxg5 19. Kg2 Kg6 20. Rh1 Rh8 21.
Qe2 Rxh1 22. Rxh1 Neg8 23. g4 Nh6 24. f3 Nd7 25. Be1 Qe7 26. Bf2 a6 27. a3 Rh8 28.
b4 Nf8 29. Bf5+ Nxf5 30. exf5+ Kf7 31. Qf1 Rxh1 32. Qxh1 Ke8 33. Ne4 Kd8 34. c5 Nd7 35. cxd6 cxd6 36. Qc1 Ke8 37. Qc7 Bf8 38. Qxb7 Nf6 39.
Qc8+ Kf7 40. Nxg5+ Kg7 41. Ne6+ Kf7 42. g5 Nd7 43.
g6+ Kf6 44. Bh4+ Kxf5 45. Bxe7 1-0

[Event "*** Titled Tuesday Blitz"]
[Site "Chess.com"]
[Date "2020.10.27"]
[Round "6"]
[White "Vandros57"]
[Black "TomasKapitanchuk"]
[Result "1/2-1/2"]
[WhiteElo "2218"]
[BlackElo "2430"]
[TimeControl "180+1"]
[EndTime "11:07:15 PDT"]
[Termination "Game drawn by repetition"]

1. d4 Nf6 2. Nf3 e6 3. c4 Bb4+ 4. Bd2 c5 5. Bxb4 cxb4 6. g3 O-O 7. Bg2 d6 8. O-O Re8 9. a3 bxa3 10. Nxa3 Qb6 11. Nb5 a6 12. b3 Nc6 13. Nxd6 Rd8 14. Nxc8 Raxc8 15. e3 e5 16. d5 Qc7 17. Qd2 e4 18. Nd4 Ne5 19. Qc2 b5 20. Bxe4 bxc4 21. bxc4 Qxc4 22. Qxc4 Nxc4 23. Bf5 Rc7 24. Rxa6 g6 25. Bh3 Nxd5 26. Rc1 Ne5 27. Rxc7 Nxc7 28. Ra7 Nd5 29. Bf1 Nc3 30. h3 Rc8 31. f4 Nc6 32.
Nxc6 Rxc6 33. Kf2 Ne4+ 34. Kf3 Nd2+ 35. Ke2 Nxf1 36. Kxf1 Rc2 37. e4 h5 38. g4 h4 39.
Ra3 Kg7 40. Re3 Kf6 41. e5+ Ke6 42. Re2 Rc4 43. Rf2 Rc3 44. Kg2 Rg3+ 45. Kh2 Re3 46. f5+ Kxe5 47. fxg6 fxg6 48. Rf8 Re2+ 49. Kg1 Ra2 50.
Rf3 Ke4 51. Rf6 Ke5 52. Rf3 Ke4 53. Rf6 Ke5 54. Rf3 1/2-1/2

[Event "*** Titled Tuesday Blitz"]
[Site "Chess.com"]
[Date "2020.10.27"]
[Round "6"]
[White "Sesleria"]
[Black "RaneshRatnesan"]
[Result "0-1"]
[WhiteElo "1886"]
[BlackElo "2173"]
[TimeControl "180+1"]
[EndTime "11:07:16 PDT"]
[Termination "RaneshRatnesan won by resignation"]

1. e4 c5 2. Nf3 d6 3. d4 cxd4 4. Nxd4 Nf6 5. Nc3 a6 6. Bg5 e6 7. f4 Be7 8. Qf3 Qc7 9. O-O-O Nbd7 10. Bd3 h6 11. Bh4 g5 12. e5 dxe5 13. Nxe6 fxe6 14.
Bg6+ Kd8 15. fxg5 hxg5 16. Bxg5 Rf8 17. Rhf1 Qc6 18. Be4 Qc5 19. Qh3 Qb6 20. Qh6 Kc7 21. Rxd7+ Nxd7 22. Rxf8 Bxf8 23. Qh8 Bc5 24. Bd8+ Kb8 25.
Bxb6 Bxb6 26. Qe8 Nc5 27. h4 Ka7 28. Qe7 Bd7 29. b4 Nxe4 30. Nxe4 Bc6 31. Nc5 Re8 32.
Qxe6 Rxe6 33. Nxe6 Be3+ 34. Kb2 Bxg2 35. h5 Be4 36.
Nc5 Bf5 37. c4 Bxc5 38. bxc5 Kb8 39. Kc3 Kc7 40. Kb4 Kc6 41. a4 e4 42. a5 e3 43.
Kc3 Kxc5 44. h6 Bh7 45. Kb2 Kxc4 46. Kc1 Kb4 47. Kd1 Ka4 48. Ke1 0-1

[Event "*** Titled Tuesday Blitz"]
[Site "Chess.com"]
[Date "2020.10.27"]
[Round "6"]
[White "Guenplen"]
[Black "pedromartinez91"]
[Result "1-0"]
[WhiteElo "2841"]
[BlackElo "2622"]
[TimeControl "180+1"]
[EndTime "11:07:19 PDT"]
[Termination "Guenplen won by resignation"]

1. d4 b6 2. e4 e6 3. Nf3 Bb7 4. Bd3 Nf6 5. Qe2 d5 6. e5 Nfd7 7. Nbd2 c5 8. c3 Qc8 9. O-O Ba6 10. Re1 Bxd3 11. Qxd3 Qa6 12. Qe3 Nc6 13. Nf1 cxd4 14.
Nxd4 Nxd4 15. cxd4 g6 16. Bd2 Be7 17. Qf3 Rc8 18. Bh6 Bf8 19. Qh3 Bxh6 20. Qxh6 Ke7 21. Ne3 Qd3 22. Rad1 Qb5 23. b3 Rc3 24. Qh4+ Ke8 25.
Qh6 Qb4 26. h3 Qf8 27. Qf4 Qb4 28. Qh6 Qf8 29. Qh4 Qe7 30. Qf4 Kf8 31. Qh6+ Ke8 32. Rc1 Qb4 33. Red1 Ke7 34. Qg5+ Ke8 35. Rxc3 Qxc3 36.
Ng4 Qc7 37. Rc1 Qd8 38. Qf4 Ke7 39. Nf6 Nxf6 40. Qxf6+ Kd7 41. Qxf7+ Qe7 42. Rc7+ Kxc7 43. Qxe7+ Kb8 44. Qxe6 1-0

[Event "*** Titled Tuesday Blitz"]
[Site "Chess.com"]
[Date "2020.10.27"]
[Round "6"]
[White "arminmusovic"]
[Black "RD4ever"]
[Result "0-1"]
[WhiteElo "2596"]
[BlackElo "2803"]
[TimeControl "180+1"]
[EndTime "11:07:19 PDT"]
[Termination "RD4ever won by resignation"]

1. a3 d5 2. Nc3 d4 3. Ne4 Nf6 4. d3 Bf5 5. Ng3 Bg6 6. e4 dxe3 7. fxe3 e5 8. Nf3 e4 9. dxe4 Qxd1+ 10. Kxd1 Nxe4 11. Nxe4 Bxe4 12. Bd3 Bg6 13. Bd2 Nd7 14. Bc3 Nc5 15. Bxg6 hxg6 16. Ke2 f6 17. Bd4 Ne4 18. Nd2 Nd6 19. c4 Nf5 20. g4 Ne7 21. h3 O-O-O 22. Rad1 Nc6 23. Bc3 Re8 24. b4 Bd6 25. Kf3 Be5 26. Rc1 Rh7 27. b5 Bxc3 28. Rxc3 Ne5+ 29.
Kg3 g5 30. Nf3 Nd7 31. c5 b6 32. cxb6 axb6 33. Rh2 Nc5 34. Nd2 Re5 35. Rh1 Rh8 36. Rh2 Rd8 37. Kf3 Rxd2 38. Rxd2 Ne4 39. Rdd3 Nxc3 40.
Rxc3 Rxb5 41. a4 Re5 42. Rc4 c5 43. e4 Kc7 44. Kg3 Kc6 45. h4 gxh4+ 46. Kxh4 b5 47. axb5+ Kxb5 48. Rc1 Rxe4 49. Rb1+ Rb4 50. Re1 f5 51. Kh5 Rxg4 52. Rb1+ Rb4 53. Rg1 c4 54. Rg5 Ka4 55. Kg6 c3 56. Rxf5 c2 0-1

[Event "*** Titled Tuesday Blitz"]
[Site "Chess.com"]
[Date "2020.10.27"]
[Round "6"]
[White "MattyDPerrine"]
[Black "babyking1205"]
[Result "1-0"]
[WhiteElo "2494"]
[BlackElo "2648"]
[TimeControl "180+1"]
[EndTime "11:07:20 PDT"]
[Termination "MattyDPerrine won by resignation"]

1. e4 c5 2. Nf3 d6 3. Bb5+ Nd7 4. Ba4 Nf6 5. O-O a6 6. c4 b6 7. Re1 Bb7 8. e5 dxe5 9. Nxe5 e6 10. d4 cxd4 11.
Bg5 b5 12. cxb5 axb5 13. Bxb5 Qb6 14. Ba4 Rxa4 15. Qxa4 Qb4 16. Qxb4 Bxb4 17. Bd2 Bd6 18. Nc4 Bc7 19. Bb4 Ne4 20. Nba3 Bd5 21. Nb5 Bb8 22. Rxe4 Bxe4 23. Nbd6+ Bxd6 24. Nxd6+ Kd8 25. Nxe4 e5 26. Rc1 f6 27. Nd6 Ke7 28. Nf5+ Ke6 29. Nxg7+ Kd5 30. Nf5 Rb8 31. a3 Nb6 32. f3 Na4 33. Ne7+ Ke6 34. Rc6+ Kf7 35. Nd5 Nxb2 36. Rxf6+ Kg7 37. Bd6 Rc8 38.
h3 Rc1+ 39. Kh2 Nd3 40. Bf8+ Kg8 41. Ne7+ Kh8 42. Bh6 1-0

[Event "*** Titled Tuesday Blitz"]
[Site "Chess.com"]
[Date "2020.10.27"]
[Round "6"]
[White "Aleksey_Sorokin"]
[Black "littleplotkin"]
[Result "1/2-1/2"]
[WhiteElo "2839"]
[BlackElo "2711"]
[TimeControl "180+1"]
[EndTime "11:07:21 PDT"]
[Termination "Game drawn by repetition"]

1. d4 Nf6 2. c4 g6 3. Nc3 d5 4.
cxd5 Nxd5 5. e4 Nxc3 6. bxc3 Bg7 7. Nf3 O-O 8. Be2 c5 9. O-O cxd4 10. cxd4 Bg4 11.
Be3 Nc6 12. d5 Bxf3 13. Bxf3 Ne5 14. Be2 Rc8 15. Rb1 b6 16. Qa4 Qd7 17. Bb5 Qc7 18. Rfc1 Qb8 19. h3 Rxc1+ 20. Rxc1 f5 21. exf5 gxf5 22.
Bf4 Qd6 23. Bxe5 Bxe5 24. Qxa7 Kh8 25. Qd7 Qb4 26. g3 f4 27. Rc8 Qe1+ 28. Bf1 Rxc8 29. Qxc8+ Kg7 30. Qg4+ Kh8 31. Qf5 Kg7 32. Qg5+ Kf8 33.
Qh6+ Ke8 34. gxf4 Bd4 35. Qh4 Qe4 36. d6 exd6 37. Bb5+ Kf7 38. Bc4+ d5 39. Qh5+ Kg7 40. Qg5+ Kf8 41. Qd8+ Kg7 42. Qd7+ Kf8 43. Qd6+ Kg7 44.
Qd7+ Kf8 45. Qd6+ Kg7 46. Qd7+ 1/2-1/2

[Event "*** Titled Tuesday Blitz"]
[Site "Chess.com"]
[Date "2020.10.27"]
[Round "6"]
[White "Witik"]
[Black "Mikasinski"]
[Result "1-0"]
[WhiteElo "2703"]
[BlackElo "2495"]
[TimeControl "180+1"]
[EndTime "11:07:23 PDT"]
[Termination "Witik won by resignation"]

1. d4 d5 2. Bf4 Nd7 3. Nf3 Ngf6 4. e3 g6 5. c4 Bg7 6. Nc3 c6 7. cxd5 Nxd5 8. Nxd5 cxd5 9. Rc1 Qb6 10. Qb3 Qxb3 11.
axb3 a6 12. Be2 e6 13. O-O Bf6 14. Rc7 Bd8 15. Rc2 Nb6 16. Rfc1 Bd7 17. Bc7 Rc8 18. Ne5 f6 19. Nd3 O-O 20. Bd6 Re8 21. Nc5 Bc6 22. Nxa6 Be7 23. Bg3 Kf7 24. Nc5 Nd7 25. b4 b6 26.
Nxe6 Bb7 27. Nc7 Red8 28. Bb5 Nb8 29. h3 Bxb4 30. Ne8 Rxc2 31. Rxc2 Na6 32. Nc7 Nb8 33. Kh2 Rc8 34. Re2 Bc6 35. Bxc6 Nxc6 36.
Nxd5 Bf8 37. Rc2 b5 38. Nb6 Rb8 39. Rxc6 Rb7 40. Nd5 1-0

[Event "*** Titled Tuesday Blitz"]
[Site "Chess.com"]
[Date "2020.10.27"]
[Round "6"]
[White "GMJustin"]
[Black "Semetey"]
[Result "1-0"]
[WhiteElo "2318"]
[BlackElo "2547"]
[TimeControl "180+1"]
[EndTime "11:07:23 PDT"]
[Termination "GMJustin won on time"]

1. e4 e5 2. f4 d5 3. exd5 e4 4. d3 Nf6 5. Nc3 Bb4 6. Bd2 exd3 7. Bxd3 O-O 8. Nge2 Bg4 9. O-O Re8 10. h3 Bxe2 11. Bxe2 Bxc3 12. Bxc3 Nxd5 13. Bd2 Nc6 14. c3 Qe7 15. Bf3 Rad8 16. Qb3 Na5 17. Qb5 Nb6 18. Rae1 Qd7 19. Qxd7 Nxd7 20. b3 Nc6 21. Bxc6 bxc6 22. Rxe8+ Rxe8 23. Re1 Rxe1+ 24. Bxe1 a6 25. Kf2 f5 26. Ke3 Kf7 27. Kd4 Ke6 28. b4 g6 29.
c4 Kd6 30. Bc3 Nf6 31. a4 Ne4 32. Be1 Ke6 33. g4 Kd6 34. b5 cxb5 35. cxb5 axb5 36. axb5 Ke6 37. g5 Kd6 38. Bb4+ Kd7 39. Kd5 1-0

[Event "*** Titled Tuesday Blitz"]
[Site "Chess.com"]
[Date "2020.10.27"]
[Round "6"]
[White "Oligan22"]
[Black "vinniethepooh"]
[Result "0-1"]
[WhiteElo "2424"]
[BlackElo "2574"]
[TimeControl "180+1"]
[EndTime "11:07:23 PDT"]
[Termination "vinniethepooh won by resignation"]

1. e4 c5 2. Nf3 d6 3. d4 cxd4 4. Nxd4 Nf6 5. Nc3 a6 6. Be3 e5 7. Nb3 Be7 8. h3 Be6 9. Qf3 O-O 10. O-O-O Nbd7 11. g4 Nb6 12. g5 Nfd7 13. h4 Rc8 14.
Nd5 Bxd5 15. exd5 Nc4 16. Qe4 f5 17. gxf6 Nxf6 18. Qf5 Kh8 19. Bd3 Nxe3 20. fxe3 Qd7 21. Na5 Qxf5 22. Bxf5 Rc5 23. Nxb7 Rb5 24. Bd3 Rxb7 25.
Bxa6 Ra7 26. Bc4 Rc8 27. Bb3 Ne4 28. Rh2 Bf6 29. Kb1 Nc5 30. Rf1 e4 31. c3 Rb8 32.
Kc2 Rab7 33. Rhf2 h6 34. Kc1 Nd3+ 35. Kd2 Nxf2 36. Rxf2 Bxh4 37. Rf4 Bf6 38. Rxe4 Be5 39. Rg4 Kh7 40. Bc2+ Kh8 41. b4 Rc7 42. c4 Rxb4 43.
Bd3 Rb2+ 44. Kc1 Rxa2 45. Rg6 Ra3 46. Rxh6+ gxh6 0-1

[Event "*** Titled Tuesday Blitz"]
[Site "Chess.com"]
[Date "2020.10.27"]
[Round "6"]
[White "penguingm1"]
[Black "alexrustemov"]
[Result "1-0"]
[WhiteElo "2825"]
[BlackElo "2669"]
[TimeControl "180+1"]
[EndTime "11:07:24 PDT"]
[Termination "penguingm1 won by checkmate"]

1. d4 d5 2. Bf4 Nf6 3. e3 c5 4. dxc5 e6 5. b4 a5 6. c3 Bd7 7.
Nd2 axb4 8. cxb4 b6 9. cxb6 Bxb4 10. Bc7 Qe7 11. b7 Ra7 12. Bxb8 Rxb7 13. Be5 Ne4 14. Nf3 f6 15. Bg3 O-O 16. Bd3 Nc3 17. Qc2 Rc8 18.
Ba6 Ba4 19. Qd3 Rc6 20. Bxb7 Bb5 21. Qxb5 Nxb5 22. Bxc6 Nc3 23. O-O Qc5 24. Bd7 e5 25. Nb3 Qd6 26. Bg4 g6 27. Nfd2 f5 28. Bf3 f4 29. exf4 exf4 30. Bh4 h6 31. a3 Bxa3 32.
Bf6 Bb4 33. Bd4 g5 34. Ra8+ Kf7 35. Re1 Ne4 36. Bh5+ Ke6 37. Nxe4 dxe4 38. Rxe4+ Kf5 39.
Bf3 g4 40. Rae8 Kg5 41. R4e5+ Kg6 42. R5e6+ Kf5 43. Be4+ Kg5 44. Rg8+ Kh5 45. Bg6+ Kh4 46. Bf6# 1-0

[Event "*** Titled Tuesday Blitz"]
[Site "Chess.com"]
[Date "2020.10.27"]
[Round "6"]
[White "XDPS"]
[Black "kuli4ik"]
[Result "0-1"]
[WhiteElo "2740"]
[BlackElo "2887"]
[TimeControl "180+1"]
[EndTime "11:07:25 PDT"]
[Termination "kuli4ik won on time"]

1. e4 e6 2. d4 d5 3. Nc3 Be7 4. Nf3 Nf6 5. Bd3 c5 6. exd5 exd5 7. dxc5 O-O 8. Be3 Nbd7 9. b4 b6 10. Na4 bxc5 11. bxc5 Qa5+ 12. c3 Nxc5 13. Nxc5 Bxc5 14. O-O Bxe3 15. fxe3 Qxc3 16. Rc1 Qa3 17. Nd4 Qe7 18. Kh1 Bg4 19. Qb3 Rac8 20. Rce1 Qe5 21. Qa4 Rc3 22.
Qa6 Bc8 23. Qb5 Bd7 24. Qa6 Bc8 25. Qb5 a6 26. Qb1 h6 27. Nf3 Qd6 28. Nd4 Bd7 29. Bf5 Re8 30. Bxd7 Qxd7 31. Nf5 Ne4 32. Qb4 Rc6 33. Qb2 Rg6 34. Rf3 Ng5 35. Rff1 Ree6 36. Qd4 Ref6 37. Ng3 Ne6 38. Qb6 Rxf1+ 39. Rxf1 Qb5 40.
Qd6 Rxg3 41. Rc1 Rg5 42. Qe7 Qe2 0-1

[Event "*** Titled Tuesday Blitz"]
[Site "Chess.com"]
[Date "2020.10.27"]
[Round "6"]
[White "infinitegiantkiller"]
[Black "Volodar_Murzin"]
[Result "0-1"]
[WhiteElo "2422"]
[BlackElo "2616"]
[TimeControl "180+1"]
[EndTime "11:07:25 PDT"]
[Termination "Volodar_Murzin won by resignation"]

1. d4 Nf6 2. c4 g6 3. Nc3 Bg7 4. e4 d6 5. Nge2 O-O 6. f3 e5 7.
Be3 Nc6 8. Qd2 Nd7 9. d5 Ne7 10. g4 a5 11. Ng3 Nc5 12. h4 f6 13. h5 g5 14. h6 Bh8 15. Nf5 Ng6 16. Ne2 Bd7 17.
O-O-O b6 18. Neg3 a4 19. Nh5 Rf7 20. Kb1 Qb8 21. Nhg7 Qa7 22. Ne6 Nxe6 23. dxe6 Bxe6 24. Be2 Rd7 25. Qc3 Qa5 26. Rc1 Qxc3 27. Rxc3 Ne7 28. Rd1 Kf7 29. b4 axb3 30. axb3 Kg6 31. Kb2 Ng8 32.
Rh1 Rdd8 33. Rcc1 Ra7 34. Ra1 Rda8 35. Rxa7 Rxa7 36. Bd3 Kf7 37. b4 Ne7 38. Nxe7 Kxe7 39. c5 bxc5 40. bxc5 Ra2+ 41. Kc3 Ra3+ 42. Kc2 Ba2 43.
cxd6+ cxd6 44. Kb2 Rxd3 45. Kxa2 Rxe3 46. Rb1 Re2+ 47.
Ka3 Rh2 48. Rb7+ Kf8 49. Rb8+ Kf7 50. Rxh8 Rxh6 51. Rd8 Rh3 52. Kb4 Rxf3 53. Rxd6 Rf4 54. Rd7+ Kg6 55. Kc5 Rxe4 56. Kd5 Rd4+ 57. Ke6 Rxd7 58.
Kxd7 e4 0-1